 Dungeon Crawl Stone Soup version 0.20.1-2-g1830e616b0 (webtiles) character file.

88 Alfie the Shooter (level 4, -2/51 HPs)
             Began as a Human Hunter on Jan 21, 2020.
             Slain by an orc warrior
             ... wielding a +0 short sword
              (3 damage)
             ... on level 3 of the Dungeon.
             The game lasted 00:07:41 (2384 turns).

Alfie the Shooter (Human Hunter)                    Turns: 2384, Time: 00:07:41

Health: -2/51      AC:  3    Str: 19    XL:     4   Next: 81%
Magic:  4/4        EV: 12    Int: 11    God:
Gold:   150        SH:  0    Dex: 13    Spells: 3/3 levels left

rFire    + . .     SeeInvis .   a - +1 shortbow
rCold    + . .     Gourm    .   (shield currently unavailable)
rNeg     . . .     Faith    .   c - +0 leather armour
rPois    .         Spirit   .   (no helmet)
rElec    .         Reflect  .   j - scarf {rC+ rF+}
rCorr    .         Harm     .   (no gloves)
MR       .....                  (no boots)
Stlth    ..........             (no amulet)
Regen    0.2/turn               (no ring)
MPRegen  0.1/turn               (no ring)

@: berserking, flying, very quick
A: no striking features
a: no special abilities


You were on level 3 of the Dungeon.
You were not hungry.

You visited 1 branch of the dungeon, and saw 3 of its levels.

You collected 150 gold pieces.

Inventory:

Hand Weapons
 a - a +1 shortbow (weapon)
 b - a +0 short sword
Armour
 c - a +0 leather armour (worn)
 j - a scarf of resistance (worn)
 p - a +0 cloak
Jewellery
 g - an uncursed ring of magical power
Scrolls
 l - 3 scrolls of remove curse
 m - a scroll of noise {unknown}
 o - a scroll of fear {unknown}
Potions
 e - a potion of flight
 h - a potion of berserk rage
 i - a potion of heal wounds {unknown}
 k - a potion of curing {unknown}
Comestibles
 f - 2 bread rations
 n - 4 royal jellies


   Skills:
 + Level 2.4 Fighting
 + Level 5.3 Bows
 + Level 1.0 Armour
 + Level 2.2 Dodging
 + Level 1.0 Stealth


You had 3 spell levels left.
You didn't know any spells.

Dungeon Overview and Level Annotations

Branches:
Dungeon (3/15)

Altars:
Cheibriados
Ru


Message History

You shoot an arrow.
The arrow closely misses the orc warrior.
The orc warrior hits you with a short sword!
Firing (i - inventory):
d - an arrow (quivered)
Press: ? - help, Shift-Dir - straight line, f/p - orc warrior
Aim: an orc warrior, wielding a short sword and wearing a chain mail (moderately wounded)
You shoot an arrow. The arrow hits the orc warrior.
The orc warrior is heavily wounded.
The orc warrior hits you with a short sword!
* * * LOW HITPOINT WARNING * * *
It was a potion of flight.
You feel very buoyant.
You fly up into the air.
The orc warrior hits you with a short sword.
* * * LOW HITPOINT WARNING * * *
It was a potion of berserk rage.
A red film seems to cover your vision as you go berserk!
You feel yourself moving faster!
You feel mighty!
The orc warrior hits you with a short sword.
You die...

##############†###########.......
.................................
##############.##########.......†
#.# #........ #.# #...).... #.#
#.####### #.# #.# #.########(#.#
#..@o((..((#.# ############.# ##
#.# #. #.# #. #.# #. #.# #.
#.######. #........ #.#######


You could see an orc warrior.

Vanquished Creatures
  An adder (D:2)
  A gnoll (D:1)
  4 worms
  A dart slug (D:1)
  2 leopard geckos
  3 orcs (D:3)
  5 bats
  3 giant cockroaches
  6 goblins
  9 hobgoblins
  4 frilled lizards
  6 kobolds
  7 rats
52 creatures vanquished.

Notes
Turn   | Place    | Note
-------+----------+-------------------------------------------
     0 | D:1      | Alfie the Human Hunter began the quest for the Orb.
     0 | D:1      | Reached XP level 1. HP: 16/16 MP: 1/1
    71 | D:1      | Reached XP level 2. HP: 3/22 MP: 2/2
   451 | D:1      | Reached XP level 3. HP: 27/27 MP: 3/3
  1154 | D:2      | Reached skill level 5 in Bows
  1156 | D:2      | Reached XP level 4. HP: 28/33 MP: 4/4
  1367 | D:2      | Found a sacrificial altar of Ru.
  1367 | D:2      | Found a snail-covered altar of Cheibriados.
  2172 | D:3      | Reached skill level 1 in Armour
  2373 | D:3      | Noticed an orc warrior
  2383 | D:3      | HP: 1/34 [orc warrior/short sword (1)]
  2384 | D:3      | Slain by an orc warrior

Skill      XL: |  1  2  3  4 |
---------------+-------------+-----
Bows           | 5 |  5.3
Armour         | 1 |  1.0
Fighting       | |  2.4
Dodging        | |  2.2
Stealth        | |  1.0

Action                   |  1- 3 |  4- 6 || total
-------------------------+-------+-------++-------
 Fire: Shortbow          |    74 |    86 ||   160
  Use: Scroll            |     4 |     3 ||     7
       Potion            |       |     2 ||     2
  Eat: Royal jelly       |     1 |       ||     1
       Bread ration      |       |     1 ||     1
Armor: Leather armour    |     1 |     7 ||     8
Dodge: Dodged            |    17 |    10 ||    27
